 Dungeon Crawl Stone Soup version 0.28-a0-1227-ga9037bb (webtiles) character file.

Game seed: 2129757969508661576

3294 DUBB the Basher (level 10, -3/63 HPs)
             Began as a Human Conjurer on Dec 22, 2021.
             Was a Follower of Sif Muna.
             Shot with an arrow by a centaur (10 damage)
             ... on level 9 of the Dungeon.
             The game lasted 01:28:32 (10033 turns).

DUBB the Basher (Human Conjurer)                   Turns: 10033, Time: 01:28:32

Health: -3/63      AC: 12    Str: 16    XL:     10   Next: 20%
Magic:  7/19       EV: 11    Int: 29    God:    Sif Muna [*.....]
Gold:   476        SH:  0    Dex: 11    Spells: 10/21 levels left

rFire   + . .      SeeInvis .   q - staff of cold
rCold   . . .      Faith    .   (no shield)
rNeg    . . .      Spirit   .   r - +1 leather armour "Mahoas" {-Tele Rampage Regen+ Str+8}
rPois   .          Reflect  .   m - +2 helmet
rElec   .          Harm     .   c - +2 cloak
rCorr   .          Rampage  +   g - +0 pair of gloves
Will    .....      NoTele   +   d - +0 pair of boots
Stlth   ++........              (no amulet)
HPRegen 1.00/turn               e - ring of fire
MPRegen 0.16/turn               b - +6 ring of intelligence

@: studying Maces & Flails
A: MP-powered wands
a: Renounce Religion, Channel Magic


You were on level 9 of the Dungeon.
You worshipped Sif Muna.
Sif Muna was aware of your devotion.
You visited 2 branches of the dungeon, and saw 10 of its levels.

You collected 476 gold pieces.

Inventory:

Hand Weapons
 h - a +2 dagger of holy wrath
 l - a +3 flail of electrocution
 t - a +2 whip of flaming
 v - a +4 short sword
Missiles
 n - 16 poisoned darts
 o - 4 silver javelins
 y - a curare-tipped dart
 A - 2 datura-tipped darts
Armour
 a - a +2 robe
 c - a +2 cloak (worn)
 d - a +0 pair of boots (worn)
 g - a +0 pair of gloves (worn)
 m - a +2 helmet (worn)
 r - the +1 leather armour "Mahoas" (worn) {-Tele Rampage Regen+ Str+8}
   (You found it on level 7 of the Dungeon)

   Str:       It affects your strength (+8).
   -Tele:     It prevents most forms of teleportation.
   Regen:     It increases your rate of health regeneration.
   Rampage:   It bestows one free step when moving towards enemies.
Magical Staves
 q - a staff of cold (weapon)
Jewellery
 b - a +6 ring of intelligence (right hand)
 e - a ring of fire (left hand)
 u - a +4 ring of evasion
Wands
 i - a wand of charming (23)
 s - a wand of polymorph (8)
Scrolls
 f - 12 scrolls of identify
 j - 3 scrolls of teleportation
 k - a scroll of fear
 p - a scroll of blinking
 w - a scroll of enchant weapon
Potions
 x - a potion of flight


   Skills:
 - Level 9.4(10.4) Maces & Flails
 - Level 7.0(9.2) Staves
 - Level 0.3 Throwing
 - Level 0.6 Armour
 - Level 2.0 Dodging
 - Level 2.0 Stealth
 - Level 6.2 Spellcasting
 - Level 7.0 Conjurations
 + Level 4.1 Summonings


You had 10 spell levels left.
You knew the following spells:

 Your Spells              Type           Power      Damage    Failure   Level
a - Magic Dart            Conj           100%       1d8       1%          1
b - Searing Ray           Conj           98%        2d8       1%          2
c - Summon Small Mammal   Summ           100%       N/A       1%          1
d - Call Canine Familiar  Summ           32%        N/A       3%          3
e - Summon Guardian Gole  Hex/Summ       20%        N/A       9%          3
f - Animate Skeleton      Necr           18%        N/A       7%          1

Your spell library contained the following spells:

 Spells                   Type           Power      Damage    Failure   Level
 Dazzling Flash           Conj/Hex       58%        N/A       4%          3
 Apportation              Tloc           18%        N/A       7%          1
 Fulminant Prism          Conj/Hex       14%        3d9       16%         4
 Iskenderun's Mystic Bla  Conj/Tloc      29%        2d7       16%         4
 Ozocubu's Armour         Ice            13%        N/A       21%         3
 Portal Projectile        Hex/Tloc       18%        N/A       21%         3
 Leda's Liquefaction      Hex/Erth       4%         N/A       56%         4
 Metabolic Englaciation   Hex/Ice        6%         N/A       88%         5
 Simulacrum               Ice/Necr       6%         N/A       100%        6


Dungeon Overview and Level Annotations

Branches:
Dungeon (9/15)             Temple (1/1) D:6
   Lair: D:8-11         Orc: D:9-12

Altars:
Ashenzari
Cheibriados
Dithmenos
Elyvilon
Fedhas
Gozag
Hepliaklqana
Kikubaaqudgha
Makhleb
Nemelex Xobeh
Okawaru
Qazlal
Ru
Sif Muna
Trog
Uskayaw
Vehumet
Wu Jian
Xom
Yredelemnul
Zin
The Shining One


Innate Abilities, Weirdness & Mutations

You expend magic power (3 MP) to strengthen your wands.


Message History

The centaur misses you.
Casting: Searing Ray (safe; 1% risk of failure)
Confirm with . or Enter, or press ? or * to list all spells.
Aiming: Searing Ray (safe; 1% risk of failure)
Press: ? - help, Shift-Dir - straight line, f - centaur
Aim: a centaur, quivering arrows (90% to hit)
The searing ray hits the centaur!
The centaur is heavily wounded. (Press . to maintain the ray.)
You are engulfed in blazing flames.
You resist. The centaur closely misses you.
The centaur kicks you but does no damage.
The searing ray hits the centaur but does no damage.
The centaur is heavily wounded.
You are engulfed in blazing flames.
You resist.
* * * LOW HITPOINT WARNING * * *
The centaur hits you but does no damage.
The centaur misses you.
The centaur hits you but does no damage.
The centaur kicks you but does no damage.
The searing ray hits the centaur!
The centaur is almost dead.
You are engulfed in blazing flames.
You resist.
* * * LOW HITPOINT WARNING * * *
The centaur hits you.
* * * LOW HITPOINT WARNING * * *
The centaur kicks you but does no damage.
The centaur wields a +0 shortbow.
The centaur shoots an arrow.
The arrow barely misses you.
Really walk into that cloud of flame? [Y]es or [N]o only, please.
Really walk into that cloud of flame? [Y]es or [N]o only, please.
Really walk into that cloud of flame?
Okay, then.
Casting: Searing Ray (safe; 1% risk of failure)
Confirm with . or Enter, or press ? or * to list all spells.
The centaur shoots an arrow.
The arrow hits you.
* * * LOW HITPOINT WARNING * * *
The centaur shoots an arrow.
The arrow hits you!
You die...

#.. .###
.. . .#
.. .#.#
#.#...#
#..#..#
#.....#
#.c..#
#§###
#h@§#
###§#
#.######
#.#....#
#.#.##.#
#.#.##.#
#
#...##.#
..
######.#
.# #.#


You could see a centaur (ally target) and a friendly hound (summoned).

Vanquished Creatures
  3 yaks (D:9)
  An ice beast (D:6)
  2 sky beasts (D:6)
  An ogre (D:7)
  2 centaurs
  A phantom (D:4)
  2 bullfrogs
  A gnoll sergeant (D:6)
  A scorpion (D:3)
  A water moccasin skeleton (D:4)
  A howler monkey (D:5)
  A centaur zombie (D:7)
  2 hounds
  A jelly (D:5)
  An orc priest (D:4)
  A gnoll shaman (D:8)
  A scorpion zombie (D:4)
  An orc wizard (D:8)
  2 iguanas
  A howler monkey zombie (D:5)
  Robin (D:4)
  10 gnolls
  A howler monkey skeleton (D:5)
  6 adders
  2 shadow imps
  An ufetubus (D:7)
  2 adder skeletons (D:4)
  A dart slug (D:2)
  13 orcs
  7 ball pythons
  5 endoplasms
  2 giant cockroaches
  16 goblins
  3 hobgoblins
  7 kobolds
  2 quokkas
  4 bats
  5 frilled lizards
  4 toadstools (D:1)
119 creatures vanquished.

Vanquished Creatures (collateral kills)
  A yak (D:9)
  An orc warrior (D:7)
  An ice beast (D:7)
  A sky beast (D:6)
  A kobold brigand (D:8)
  A phantom (D:7)
  2 howler monkeys (D:8)
  A hound (D:6)
  An orc priest (D:8)
  A centaur skeleton (D:7)
  An orc wizard (D:4)
  A howler monkey zombie (D:5)
  2 gnolls (D:6)
  An adder (D:6)
  3 orcs
  An endoplasm (D:3)
  A giant cockroach (D:3)
  A hobgoblin (D:4)
  2 goblins (D:4)
  6 kobolds (D:8)
30 creatures vanquished.

Vanquished Creatures (others)
  2 yaks (D:9)
  A steam dragon (D:8)
  A bullfrog (D:8)
  A howler monkey (D:5)
  A gnoll shaman (D:8)
  A toadstool (D:1)
7 creatures vanquished.

Grand Total: 156 creatures vanquished

Notes
Turn   | Place    | Note
-------+----------+-------------------------------------------
     0 | D:1      | DUBB the Human Conjurer began the quest for the Orb.
     0 | D:1      | Reached XP level 1. HP: 13/13 MP: 3/3
   554 | D:1      | Reached XP level 2. HP: 19/19 MP: 3/5
   557 | D:1      | Learned a level 2 spell: Searing Ray
  1286 | D:2      | Reached XP level 3. HP: 24/24 MP: 3/6
  2093 | D:3      | Found a faded altar of an unknown god.
  2428 | D:3      | Reached XP level 4. HP: 30/30 MP: 5/8
  2573 | D:3      | Learned a level 1 spell: Summon Small Mammal
  3251 | D:4      | Noticed a scorpion
  3292 | D:3      | Killed a scorpion
  3293 | D:3      | Reached XP level 5. HP: 18/35 MP: 4/11
  3836 | D:4      | Reached skill level 1 in Summonings
  3836 | D:4      | Reached XP level 6. HP: 41/41 MP: 7/12
  3976 | D:4      | Noticed Robin
  4019 | D:4      | Killed Robin
  4516 | D:4      | Reached skill level 5 in Spellcasting
  4670 | D:4      | Noticed an orc warrior
  4713 | D:4      | Gained mutation: You expend magic power (3 MP) to
                  | strengthen your wands. [potion of mutation]
  4984 | D:4      | Reached skill level 5 in Conjurations
  4984 | D:4      | Reached XP level 7. HP: 30/46 MP: 9/15
  5277 | D:4      | Identified the +0 ring mail of Qazlal's Favour {+Inv rN+
                  | Dex+4 Stlth-}
  5393 | D:5      | Entered Level 5 of the Dungeon
  5409 | D:5      | Learned a level 3 spell: Call Canine Familiar
  5413 | D:5      | Learned a level 3 spell: Summon Guardian Golem
  5770 | D:5      | Found a stormy altar of Qazlal.
  6130 | D:6      | Found a staircase to the Ecumenical Temple.
  6138 | Temple   | Entered the Ecumenical Temple
  6298 | Temple   | Became a worshipper of Sif Muna the Loreminder
  6347 | D:6      | Reached skill level 2 in Maces & Flails
  6347 | D:6      | Reached XP level 8. HP: 34/52 MP: 15/17
  6510 | D:6      | Reached skill level 3 in Maces & Flails
  6721 | D:6      | Reached skill level 4 in Maces & Flails
  6874 | D:6      | Reached skill level 5 in Maces & Flails
  7239 | D:6      | Reached skill level 6 in Maces & Flails
  7457 | D:7      | Learned a level 1 spell: Animate Skeleton
  7607 | D:7      | Reached XP level 9. HP: 18/57 MP: 8/18
  8150 | D:7      | Reached skill level 7 in Maces & Flails
  8150 | D:7      | Reached skill level 1 in Staves
  8632 | D:7      | Identified the +1 leather armour "Mahoas" {-Tele Rampage
                  | Regen+ Str+8}
  8859 | D:8      | Reached skill level 8 in Maces & Flails
  9025 | D:8      | Reached * piety under Sif Muna
  9729 | D:9      | Reached skill level 5 in Staves
  9796 | D:9      | Reached skill level 9 in Maces & Flails
  9796 | D:9      | Reached XP level 10. HP: 46/63 MP: 0/19
 10033 | D:9      | Shot with an arrow by a centaur

Illustrated notes

Levels and vault maps discovered:
D:1:      ldierk_walled_garden, layout_loops_corners
D:2:      layout_basic
D:3:      layout_loops_corners, ebering_ecumenical_altar_abandoned,
          minmay_misc_feat_four_crosses, hex_tiny
D:4:      layout_layer_cave, dk_noncrumbling_4, ebering_dispersal_statue_hall,
          grunt_ministairs_3, kennysheep_generic_room_6, uniq_robin
D:5:      layout_loops_cross, nicolae_qazlal_scattered_showers,
          minmay_manual_monstrance
D:6:      layout_layer_cave, minmay_temple_entry_arrows
D:7:      layout_loops_corners
D:8:      layout_cave_pools, minmay_misc_feat_alley, nicolae_wwwww
D:9:      layout_basic, uniq_maurice, uniq_pikel
Temple:   grunt_wide_crystal_templ

Skill      XL: |  1  2  3  4  5  6  7  8  9 10 |
---------------+-------------------------------+-----
Spellcasting   | 3 4 5 6 |  6.2
Summonings     | 1 2 3 4 |  4.1
Conjurations   | 5 7 |  7.0
Maces & Flails | 2 6 9 |  9.4
Staves         | 5 7 |  7.0
Throwing       | |  0.3
Armour         | |  0.6
Dodging        | |  2.0
Stealth        | |  2.0

Action                   |  1- 3 |  4- 6 |  7- 9 | 10-12 || total
-------------------------+-------+-------+-------+-------++-------
Melee: Unarmed           |     3 |       |       |       ||     3
       Dagger            |     3 |    45 |     6 |       ||    54
       Flail             |       |       |    22 |       ||    22
       Staff             |       |       |   133 |    25 ||   158
Throw: Dart              |       |       |     2 |       ||     2
 Cast: Magic Dart        |    22 |    22 |     7 |       ||    51
       Searing Ray       |    26 |    25 |    37 |     3 ||    91
       Summon Small Mamm |       |    22 |    37 |     4 ||    63
       Call Canine Famil |       |       |    23 |     3 ||    26
       Summon Guardian G |       |       |     6 |     1 ||     7
       Animate Skeleton  |       |       |     3 |     1 ||     4
Evoke: Wand              |       |     2 |       |       ||     2
  Use: Scroll            |     6 |     1 |    10 |       ||    17
       Potion            |       |     4 |     4 |       ||     8
 Stab: Sleeping          |       |     1 |     1 |       ||     2
Armor: Robe              |     6 |    39 |    58 |       ||   103
       Leather armour    |       |       |    59 |    17 ||    76
Dodge: Dodged            |    22 |    68 |   130 |    14 ||   234

Table legend: (Time is in decaauts)
 A = Elapsed time spent in this place.
 B = Non-inter-level travel time spent in this place.
 C = Inter-level travel time spent in this place.
 D = Time resting spent in this place.
 E = Time spent auto-exploring this place.
 F = Levels seen in this place.
 G = Mean time per level.
                   A        B        C        D        E       F      G
               +--------+--------+--------+--------+--------+-----+--------+
         Total |  10031 |  10031 |      0 |   2934 |      0 |  10 | 1003.1 |
       Dungeon |   9860 |   9860 |      0 |   2834 |      0 |   9 | 1095.6 |
        Temple |    170 |    170 |      0 |    100 |      0 |   1 |  170.0 |
               +--------+--------+--------+--------+--------+-----+--------+

Top non-repeatable levels by time:
     D:4: 1988 daAuts
     D:7: 1487 daAuts
     D:3: 1344 daAuts
     D:1: 1196 daAuts
     D:6: 1055 daAuts
     D:2: 878 daAuts
     D:8: 798 daAuts
     D:5: 722 daAuts
     D:9: 390 daAuts
  Temple: 170 daAuts
